 Dungeon Crawl Stone Soup version 0.30-a0-989-g0d87f670db (webtiles) character file.

Game seed: 10076106508234931626

60 NinjaNoafa the Firebug (level 4, -3/32 HPs)
             Began as a Gnoll Fire Elementalist on Apr 3, 2023.
             Was an Initiate of Vehumet.
             Killed by an exploding bat (35 damage)
             ... ignited by their inner flame
             ... on level 3 of the Dungeon on Apr 4, 2023.
             The game lasted 00:06:47 (1782 turns).

NinjaNoafa the Firebug (Gnoll Fire Elementalist)    Turns: 1782, Time: 00:06:47

Health: -3/32      AC:  4    Str:  7    XL:     4   Next: 6%
Magic:  7/11       EV: 13    Int: 17    God:    Vehumet [......]
Gold:   94         SH:  0    Dex: 12    Spells: 7/13 levels left

rFire   . . .      SeeInvis .    q - +4 rapier (venom)
rCold   . . .      Faith    .    (no shield)
rNeg    . . .      Spirit   .    a - +0 robe
rPois   .          Reflect  .    (no helmet)
rElec   .          Rampage  .    (no cloak)
rCorr   .                        k - +1 pair of gloves
Will    .....                    (no boots)
Stlth   ++                       (no amulet)
HPRegen 0.25/turn                o - ring of flight
MPRegen 0.12/turn                (no ring)

@: flying
A: fangs 1, strong nose, distributed training
a: Renounce Religion


You were on level 3 of the Dungeon.
You worshipped Vehumet.
Vehumet was noncommittal.
You visited 1 branch of the dungeon, and saw 3 of its levels.

You collected 94 gold pieces.

Inventory:

Hand Weapons
 q - a +4 rapier of venom (weapon)
Armour
 a - a +0 robe (worn)
 i - a +0 kite shield
 k - a +1 pair of gloves (worn)
Jewellery
 o - a ring of flight (left hand)
Scrolls
 c - a scroll of torment {unknown}
 g - 9 scrolls of identify {unknown}
 j - a scroll of blinking {unknown}
 l - a scroll of brand weapon {unknown}
 m - a scroll of fear {unknown}
 n - a scroll of enchant weapon {unknown}
 p - a scroll of immolation {unknown}
Potions
 b - 2 potions of magic
 d - 2 potions of degeneration {unknown}
 e - 5 potions of curing
 h - 2 potions of heal wounds {unknown}


   Skills:
 + Level 1.0 Fighting
 + Level 1.0 Short Blades
 + Level 1.0 Long Blades
 + Level 1.0 Axes
 + Level 1.0 Maces & Flails
 + Level 1.0 Polearms
 + Level 1.0 Staves
 + Level 1.0 Ranged Weapons
 + Level 1.0 Throwing
 + Level 1.0 Armour
 + Level 4.6 Dodging
 + Level 4.2 Stealth
 + Level 1.0 Shields
 + Level 1.0 Unarmed Combat
 + Level 5.0 Spellcasting
 + Level 2.2 Conjurations
 + Level 0.8 Hexes
 + Level 0.8 Summonings
 + Level 0.8 Necromancy
 + Level 0.8 Translocations
 + Level 0.8 Transmutations
 + Level 5.4 Fire Magic
 + Level 0.8 Ice Magic
 + Level 0.8 Air Magic
 + Level 0.8 Earth Magic
 + Level 0.8 Poison Magic
 + Level 1.1 Invocations
 + Level 1.0 Evocations


You had 7 spell levels left.
You knew the following spells:

 Your Spells              Type           Power      Damage    Failure   Level
a - Foxfire               Conj/Fire      68%        2x1d4     3%          1
b - Scorch                Fire           44%        2d7       2%          2
c - Inner Flame           Hex/Fire       15%        N/A       12%         3

Your spell library contained the following spells:

 Spells                   Type           Power      Damage    Failure   Level
 Kindle Blastsparks       Fire/Tloc/Air  24%        2d12      16%         3
 Flame Wave               Conj/Fire      17%        2d7       28%         4


Dungeon Overview and Level Annotations

Branches:
Dungeon (3/15)

Altars:
Vehumet

Shops:
D:2 [


Innate Abilities, Weirdness & Mutations

You have very sharp teeth.
Your uncanny sense of smell can sniff out nearby items.
Your experience applies equally to all skills.


Message History

You start memorising the spell.
You continue memorising. x3
You finish memorising.
Spell assigned to 'c'.
HP restored.
You see here a +0 dagger.
There is a stone staircase leading down here.
You fly downwards.
There is a stone staircase leading up here.
You see here a +0 mace.
Things that are here:
a +0 dagger; a goblin corpse
g - 9 scrolls labelled ELOLYNLAYZ (gained 1) Key pressed, stopping explore.
Magic restored.
A frilled lizard comes into view.
A bat comes into view.
A ball python comes into view.
There are monsters nearby!
There are monsters nearby!
There are monsters nearby!
There are monsters nearby!
There are monsters nearby!
Casting: Foxfire (safe; 3% risk of failure)
Confirm with . or Enter, or press ? or * to list all spells.
You can't see any susceptible monsters within range! (Use Z to cast anyway.)
Casting: Foxfire (safe; 3% risk of failure)
Confirm with . or Enter, or press ? or * to list all spells.
Aiming: Inner Flame (quite dangerous; 12% risk of failure)
Press: ? - help, Dir - move target, f - bat
Aim: a bat (wandering, hasn't noticed you, chance to affect: 83%)
The bat is filled with an inner flame.
The ball python hisses angrily.
Casting: Inner Flame (quite dangerous; 12% risk of failure)
Confirm with . or Enter, or press ? or * to list all spells.
You conjure some foxfire!
The foxfire hits the bat.
Flame seeps out of the bat.
The bat is moderately wounded.
The bat is engulfed in blazing flames.
Vehumet accepts your kill.
The bat explodes!
The fiery explosion engulfs you!!
Ouch! That really hurt!
You die...

#.# #####.## ##.##
#......# #...#
###.###..# #...###
......#..# #.....
.##.#....# #####...####.
.##.#.##.###............
................§v....l.
.#.##.######....@○§..S..
....)....# #####§§§####.
[.....##.# #...$...
.#.##.##># #...####
.#....##.# #...#
.#.##.##.# ##.##
......##†##### ..
##......[....# .#
#......#####....


You could see a ball python and a frilled lizard.

Vanquished Creatures
  A worm (D:2)
  A dart slug (D:1)
  4 orcs (D:3)
  2 ball pythons (D:1)
  4 endoplasms
  3 giant cockroaches (D:1)
  6 goblins
  4 hobgoblins
  3 jackals (D:2)
  3 kobolds (D:1)
  4 quokkas
  6 bats
  A frilled lizard (D:1)
  4 rats
46 creatures vanquished.

Vanquished Creatures (others)
  86 foxfires
86 creatures vanquished.

Grand Total: 132 creatures vanquished

Notes
Turn   | Place    | Note
-------+----------+-------------------------------------------
     0 | D:1      | NinjaNoafa the Gnoll Fire Elementalist began the quest for
                  | the Orb.
     0 | D:1      | Reached XP level 1. HP: 13/13 MP: 6/6
   154 | D:1      | Reached XP level 2. HP: 4/19 MP: 4/7
   261 | D:1      | Learned a level 2 spell: Scorch
   562 | D:1      | Reached skill level 5 in Spellcasting
   562 | D:1      | Reached XP level 3. HP: 22/25 MP: 2/9
   932 | D:2      | Found a faded altar of an unknown god.
  1103 | D:2      | Found a radiant altar of Vehumet.
  1112 | D:2      | Became a worshipper of Vehumet
  1114 | D:2      | Reached skill level 1 in Invocations
  1392 | D:2      | Found Zoqaseo's Armour Emporium.
  1543 | D:3      | Reached skill level 1 in Fighting
  1543 | D:3      | Reached skill level 1 in Short Blades
  1543 | D:3      | Reached skill level 1 in Long Blades
  1543 | D:3      | Reached skill level 1 in Axes
  1543 | D:3      | Reached skill level 1 in Maces & Flails
  1543 | D:3      | Reached skill level 1 in Polearms
  1543 | D:3      | Reached skill level 1 in Staves
  1543 | D:3      | Reached skill level 1 in Ranged Weapons
  1543 | D:3      | Reached skill level 1 in Throwing
  1543 | D:3      | Reached skill level 1 in Armour
  1543 | D:3      | Reached skill level 1 in Shields
  1543 | D:3      | Reached skill level 1 in Unarmed Combat
  1543 | D:3      | Reached skill level 1 in Evocations
  1686 | D:3      | Reached XP level 4. HP: 24/32 MP: 1/11
  1702 | D:2      | Learned a level 3 spell: Inner Flame
  1782 | D:3      | Killed by an exploding bat... ignited by their inner flame

Illustrated notes

Levels and vault maps discovered:
D:1:      matt_arrival_debris, layout_basic, minmay_split_cup_small
D:2:      layout_loops_ring, serial_shops, shop, basic_altar,
          chequers_ecumenical_altar_lobes
D:3:      layout_loops_cross

Skill      XL: |  1  2  3 |
---------------+----------+-----
Conjurations   | 2 |  2.2
Spellcasting   | 5 |  5.0
Invocations    | 1 |  1.1
Fighting       | 1 |  1.0
Short Blades   | 1 |  1.0
Long Blades    | 1 |  1.0
Axes           | 1 |  1.0
Maces & Flails | 1 |  1.0
Polearms       | 1 |  1.0
Staves         | 1 |  1.0
Ranged Weapons | 1 |  1.0
Throwing       | 1 |  1.0
Armour         | 1 |  1.0
Shields        | 1 |  1.0
Unarmed Combat | 1 |  1.0
Evocations     | 1 |  1.0
Dodging        | |  4.6
Stealth        | |  4.2
Hexes          | |  0.8
Summonings     | |  0.8
Necromancy     | |  0.8
Translocations | |  0.8
Transmutations | |  0.8
Fire Magic     | |  5.4
Ice Magic      | |  0.8
Air Magic      | |  0.8
Earth Magic    | |  0.8
Poison Magic   | |  0.8

Action                     |  1- 3 |  4- 6 || total
---------------------------+-------+-------++-------
  Melee: Whip              |     4 |       ||     4
         Bite              |     3 |       ||     3
         Dagger            |     3 |       ||     3
         Rapier            |     3 |     1 ||     4
   Cast: Foxfire           |    57 |     2 ||    59
         Scorch            |    19 |       ||    19
         Inner Flame       |       |     1 ||     1
    Use: Potion            |     2 |       ||     2
 Armour: Robe              |     6 |       ||     6
  Dodge: Dodged            |    33 |       ||    33

Table legend: (Time is in decaauts)
 A = Elapsed time spent in this place.
 B = Non-inter-level travel time spent in this place.
 C = Inter-level travel time spent in this place.
 D = Time resting spent in this place.
 E = Time spent auto-exploring this place.
 F = Levels seen in this place.
 G = Mean time per level.
                   A        B        C        D        E       F      G
               +--------+--------+--------+--------+--------+-----+--------+
         Total |   1781 |   1629 |    152 |     43 |   1244 |   3 |  593.7 |
       Dungeon |   1781 |   1629 |    152 |     43 |   1244 |   3 |  593.7 |
               +--------+--------+--------+--------+--------+-----+--------+

Top non-repeatable levels by time:
     D:1: 882 daAuts
     D:2: 703 daAuts
     D:3: 195 daAuts
